 Dungeon Crawl Stone Soup version 0.18.1-6-gd335043 (webtiles) character file.

100 McCoppin the Skirmisher (level 4, -2/30 HPs)
             Began as a Gargoyle Abyssal Knight on May 16, 2016.
             Was a Believer of Lugonu.
             Killed by nerve-wracking pain
             ... invoked by Grinder
              (12 damage)
             ... while paralysed by Grinder
             ... on level 3 of the Dungeon.
             The game lasted 00:06:25 (1801 turns).

McCoppin the Skirmisher (Gargoyle Abyssal Knight)   Turns: 1801, Time: 00:06:27

Health: -2/30      AC: 13    Str: 22    XL:     4   Next: 74%
Magic:  6/6        EV:  2    Int: 12    God:    Lugonu [**....]
Gold:   80         SH:  0    Dex:  9    Spells: 0 memorised, 3 levels left

rFire  + . .     SeeInvis +     a - +1 mace
rCold  . . .     Gourm    .     r - +1 chain mail {rF+}
rNeg   + . .     Faith    .     (no shield)
rPois  ∞         Spirit   .     (no helmet)
rElec  +         Dismiss  .     (no cloak)
rCorr  .         Reflect  .     (no gloves)
SustAt .         Harm     .     (no boots)
MR     .....                    (no amulet)
Stlth  ..........               (no ring)
                                l - ring of see invisible

@: paralysed, mighty, very slightly contaminated, hasted, not resistant to
hostile enchantments, extremely unstealthy
A: negative energy resistance 1, electricity resistance, unbreathing,
petrification resistance, rot immunity, AC +3
a: Depart the Abyss, Bend Space, Renounce Religion


You were on level 3 of the Dungeon.
You worshipped Lugonu.
Lugonu was pleased with you.
You were not hungry.

You visited 1 branch of the dungeon, and saw 3 of its levels.
You visited the Abyss 1 time.

You collected 80 gold pieces.

Inventory:

Hand Weapons
 a - a +1 mace (weapon)
 i - a +0 whip
Armour
 b - a +0 leather armour
 r - a +1 chain mail of fire resistance (worn)
Jewellery
 l - a ring of see invisible (left hand)
Wands
 q - a wand of random effects (29/48)
 s - a wand of acid (2/15)
Scrolls
 e - 3 scrolls of identify {unknown}
 j - a scroll of fear {unknown}
 k - 2 scrolls of blinking
 n - 2 scrolls of remove curse {unknown}
 p - a scroll of immolation {unknown}
 t - a scroll of enchant weapon {unknown}
 u - a scroll of teleportation {unknown}
 x - a scroll of fog {unknown}
 y - 3 scrolls of random uselessness {unknown}
Potions
 g - a potion of heal wounds {unknown}
 h - a potion of lignification {unknown}
 m - 2 potions of brilliance {unknown}
 v - a potion of haste
 w - a potion of degeneration {unknown}
Books
 o - a book of Ice

   Spells                             Type                      Level
   a - Ice Form                       Ice/Transmutation            4
   b - Metabolic Englaciation         Hexes/Ice                    5
   c - Ozocubu's Refrigeration        Ice                          6
   d - Bolt of Cold                   Conjuration/Ice              6
   e - Freezing Cloud                 Conjuration/Ice/Air          6
   f - Simulacrum                     Ice/Necromancy               6
Comestibles
 c - 3 bread rations
 f - 2 meat rations
 z - a slice of pizza


   Skills:
 + Level 4.6 Fighting
 + Level 3.0 Maces & Flails
 - Level 2.1 Armour
 - Level 0.7 Dodging
 - Level 3.0 Invocations


You had 3 spell levels left.
You didn't know any spells.

Dungeon Overview and Level Annotations

Branches:
Dungeon (3/15)

Altars:
Makhleb

Annotations:
D:3 Grinder


Innate Abilities, Weirdness & Mutations

You are resistant to torment.
Your stone body is resilient (AC +3).
You are immune to poison.
You resist negative energy.
You are resistant to electric shocks.
You can survive without breathing.
You are immune to petrification.
You are immune to rotting.


Message History

You closely miss the adder. The adder closely misses you.
You closely miss the adder. The adder bites you.
The adder bites you but does no damage.
Grinder says, "FISH!"
You closely miss the adder. You miss the adder.
The adder bites you but does no damage. x2
You closely miss the adder. The adder bites you but does no damage.
You bludgeon the adder!!
You kill the adder!
Lugonu accepts your kill.
Your Maces & Flails skill increases to level 3!
You barely miss Grinder.
Grinder is lightly wounded.
Grinder gestures at you.
You suddenly lose the ability to move!
Grinder hits you.
Grinder says, "There's only one good use for a tongue: cutting it out."
Grinder gestures at you. Pain shoots through your body!
You die...

#... #..# #..#
.... ##..# #...
....##### #..#
#...#...#. #...
#.#.#...#. ..#
#.###.#....... #5#
#.....(....... #@#
#####.#..(....
#.######..)##.<.##
#..........##...#
########...###.##
##### #.# #.# #.#
#.# #..


You could see Grinder.

Vanquished Creatures
  Terence (D:2)
  An adder (D:3)
  2 worms
  5 giant geckos
  An orc (D:3)
  2 giant cockroaches
  8 goblins
  3 hobgoblins
  7 jackals (D:1)
  7 bats
  A giant newt (D:2)
  7 kobolds
  5 rats
50 creatures vanquished.

Notes
Turn   | Place    | Note
--------------------------------------------------------------
     0 | Abyss:1  | McCoppin the Gargoyle Abyssal Knight began the quest for the Orb.
     0 | Abyss:1  | Reached XP level 1. HP: 14/14 MP: 2/2
    61 | Abyss:1  | Noticed a green draconian
    64 | D:1      | Escaped the Abyss
   220 | D:1      | Reached * piety under Lugonu
   221 | D:1      | Reached XP level 2. HP: 17/19 MP: 3/3
   718 | D:1      | Reached XP level 3. HP: 22/24 MP: 5/5
   883 | D:2      | Reached ** piety under Lugonu
   887 | D:2      | Reached skill level 4 in Fighting
  1038 | D:2      | Noticed Terence
  1066 | D:2      | Killed Terence
  1066 | D:2      | Reached XP level 4. HP: 9/30 MP: 6/6
  1330 | D:2      | Found a burning altar of Makhleb.
  1454 | D:2      | Found a faded altar to an unknown god.
  1773 | D:3      | Noticed Grinder
  1779 | D:3      | Paralysed by Grinder for 5 turns
  1799 | D:3      | Paralysed by Grinder for 3 turns
  1801 | D:3      | Killed from afar by Grinder

Skill      XL: |  1  2  3  4 |
---------------+-------------+-----
Fighting       | 4 |  4.6
Invocations    | 3 |  3.0
Maces & Flails | 3 |  3.0
Armour         | |  2.1
Dodging        | |  0.7

Action                   |  1- 3 |  4- 6 || total
-------------------------+-------+-------++-------
Melee: Mace              |   124 |    47 ||   171
Invok: Depart the Abyss  |     1 |       ||     1
  Use: Potion            |     1 |     2 ||     3
       Scroll            |     1 |       ||     1
  Eat: Chunk             |     1 |     1 ||     2
       Pizza             |       |     1 ||     1
Armor: Leather armour    |    56 |       ||    56
       Chain mail        |       |    32 ||    32
Dodge: Dodged            |   101 |    21 ||   122
